 Dungeon Crawl Stone Soup version 0.18.1-5-g4a78601 (webtiles) character file.

25895 epen the Basher (level 13, 79/79 HPs)
             Began as a Gargoyle Gladiator on May 13, 2016.
             Was a High Priest of Okawaru.
             Drowned
             ... on level 4 of the Lair of Beasts.
             The game lasted 00:34:56 (15843 turns).

epen the Basher (Gargoyle Gladiator)               Turns: 15843, Time: 00:34:57

Health: 79/79      AC: 27    Str: 25    XL:     13   Next: 22%
Magic:  20/20      EV: 10    Int: 11    God:    Okawaru [*****.]
Gold:   1051       SH: 12    Dex: 10    Spells: 0 memorised, 12 levels left

rFire  . . .     SeeInvis +     P - +2 morningstar (freeze)
rCold  . . .     Gourm    .     V - +1 chain mail {rPois}
rNeg   + . .     Faith    .     R - +2 shield
rPois  ∞         Spirit   .     c - +0 helmet
rElec  +         Dismiss  .     G - +0 cloak of Optimism {*Confuse rElec MR+}
rCorr  .         Reflect  .     r - +0 pair of gloves of the Journeyman {SInv}
SustAt .         Harm     .     u - +0 pair of boots
MR     +....     Rnd*Tele +     (no amulet)
Stlth  ..........               z - +3 ring of strength
                                p - ring of teleportation (curse)

@: somewhat resistant to hostile enchantments, extremely unstealthy
A: negative energy resistance 1, electricity resistance, unbreathing,
petrification resistance, rot immunity, AC +9
a: Heroism, Finesse, Renounce Religion


You were on level 4 of the Lair of Beasts.
You worshipped Okawaru.
Okawaru was extremely pleased with you.
You were not hungry.

You visited 3 branches of the dungeon, and saw 16 of its levels.
You also visited: Sewer and Ice Cave.

You collected 1123 gold pieces.
You spent 72 gold pieces at shops.

Inventory:

Hand Weapons
 a - a +0 flail
 F - a +3 scimitar
 K - a +2 flail
 P - a +2 morningstar of freezing (weapon)
 X - the +3 falchion of Excruciating Pain {flame, rPois rF++ Int+4}
   (You found it on level 1 of the Lair of Beasts)

   It has been specially enchanted to burn those struck by it, causing extra
   injury to most foes and up to half again as much damage against particularly
   susceptible opponents.
   Big, fiery blades are also staple armaments of hydra-hunters.
   It affects your intelligence (+4).
   It greatly protects you from fire.
   It protects you from poison.
Missiles
 L - 2 throwing nets (quivered)
Armour
 c - a +0 helmet (worn)
 r - the +0 pair of gloves of the Journeyman (worn) {SInv}
   (Okawaru gifted it to you on level 4 of the Lair of Beasts)

   It lets you see invisible.
 u - a +0 pair of boots (worn)
 G - the +0 cloak of Optimism (worn) {*Confuse rElec MR+}
   (You acquired it on level 7 of the Dungeon)

   It insulates you from electricity.
   It affects your resistance to hostile enchantments.
   It may confuse you when you take damage.
 O - a +0 pair of gloves
 R - a +2 shield (worn)
 V - a +1 chain mail of poison resistance (worn)
Jewellery
 d - an uncursed ring of magical power
 p - a cursed ring of teleportation (left hand)
 y - an uncursed ring of flight
 z - a +3 ring of strength (right hand)
 D - an uncursed ring of see invisible
Wands
 q - a wand of teleportation (3/9)
 t - a wand of lightning (4/15)
 v - a wand of slowing (17/48)
 I - a wand of polymorph (14/24)
 U - a wand of enslavement (10/24)
Scrolls
 e - 2 scrolls of fear
 g - 15 scrolls of identify
 j - 7 scrolls of remove curse
 l - 3 scrolls of enchant weapon
 T - a scroll of enchant armour
 Y - a scroll of blinking
 Z - a scroll of fog
Potions
 i - a potion of brilliance
 k - 2 potions of curing
 m - 2 potions of agility
 n - 2 potions of magic
 x - 4 potions of flight
 A - 3 potions of lignification
 B - a potion of ambrosia
 H - 2 potions of might
 J - a potion of haste
 N - 2 potions of berserk rage
 S - a potion of mutation
Books
 b - a book of the Sky

   Spells                             Type                      Level
   a - Summon Lightning Spire         Summoning/Air                4
   b - Airstrike                      Air                          4
   c - Silence                        Hexes/Air                    5
   d - Deflect Missiles               Charms/Air                   6
   e - Conjure Ball Lightning         Conjuration/Air              6
   f - Tornado                        Air                          9
 W - a book of the Tempests

   Spells                             Type                      Level
   a - Static Discharge               Conjuration/Air              3
   b - Lightning Bolt                 Conjuration/Air              5
   c - Fireball                       Conjuration/Fire             5
   d - Tornado                        Air                          9
   e - Shatter                        Earth                        9
Comestibles
 f - 9 bread rations
 h - 6 beef jerkies
 o - 10 meat rations
 s - a slice of pizza
 w - 21 fruits
 E - 2 royal jellies


   Skills:
 + Level 8.6 Fighting
 * Level 11.6 Maces & Flails
 - Level 1.7 Throwing
 * Level 9.1 Armour
 + Level 9.7 Dodging
 + Level 5.3 Shields
 * Level 10.2 Invocations


You had 12 spell levels left.
You didn't know any spells.

Dungeon Overview and Level Annotations

Branches:
Dungeon (11/15)            Temple (1/1) D:5            Lair (4/8) D:11
  Snake (0/4) Lair:3          Orc (0/2) D:11
  Swamp: Lair:3-6    Shoals: Lair:3-6

Altars:
Ashenzari
Cheibriados
Dithmenos
Elyvilon
Fedhas
Gozag
Kikubaaqudgha
Makhleb
Okawaru
Pakellas
Qazlal
Ru
Sif Muna
Trog
Vehumet
Xom
Yredelemnul
Zin
The Shining One

Shops:
D:5 *   D:7 (   D:10 *   D:11 !

Annotations:
D:8 Erica
D:9 Erolcha


Innate Abilities, Weirdness & Mutations

You are resistant to torment.
Your stone body is resilient (AC +9).
You are immune to poison.
You resist negative energy.
You are resistant to electric shocks.
You can survive without breathing.
You are immune to petrification.
You are immune to rotting.


Message History

You now have 1031 gold pieces (gained 13).
You now have 1051 gold pieces (gained 20).
Are you sure you want to fly over deep water while you are losing your buoyancy? [Y]es or [N]o only, please.
Are you sure you want to fly over deep water while you are losing your buoyancy?
Okay, then.
Put on which piece of jewellery? (? for menu, Esc to quit)
You're wearing all the rings you can.
Remove which one? (? for menu, Esc to cancel) < or
D - a ring of see invisible; > or
z - a +3 ring of strength You remove your ring of see invisible.
You feel slightly jumpy.
Oops, that ring feels deathly cold.
p - a cursed ring of teleportation (left hand) Are you sure you want to fly over deep water while you are losing your buoyancy? [Y]es or [N]o only, please.
Are you sure you want to fly over deep water while you are losing your buoyancy?
You float gracefully downwards.
You fall into the water!
You sink like a stone!
You fall apart...
You die...

##### ###≈≈≈###
###≈≈≈≈≈≈≈###
###≈≈≈≈≈≈≈≈≈≈≈##
##≈≈≈≈≈≈###≈≈≈≈≈###
##≈≈≈≈≈≈## ###≈≈≈..##
##≈≈≈≈#### ##@≈≈..##
≈≈≈≈≈## #≈≈≈≈..# ≈≈≈###
##≈≈...# ≈≈## ##≈...#
≈## ###### ≈###
≈≈≈####################
≈≈≈...................#
≈≈....................#


There were no monsters in sight!

Vanquished Creatures
  A hydra (Lair:2)
  Nergalle (D:11)
  An unseen horror (D:10)
  A hill giant (D:11)
  A griffon (Lair:4)
  2 black mambas
  Joseph (D:7)
  7 spiny frogs
  3 rime drakes
  A freezing wraith (IceCv)
  3 komodo dragons
  A wolf spider simulacrum (IceCv)
  A merfolk (D:10)
  Prince Ribbit (D:8)
  Grinder (D:3)
  13 blink frogs
  A vampire (D:9)
  23 yaks
  Eustachio (D:5)
  A shadow (D:11)
  3 hippogriffs
  2 basilisks
  10 water moccasins
  8 porcupines
  7 ice beasts
  6 orc warriors
  2 black bears
  2 necrophages
  2 phantoms
  An alligator simulacrum (IceCv)
  6 ogres
  3 sky beasts
  A wasp (D:10)
  10 wolves
  3 centaurs
  10 crocodiles
  Blork the orc (D:6)
  3 big kobolds
  12 giant frogs
  A wyvern zombie (D:10)
  4 scorpions
  2 water moccasin skeletons
  5 killer bees (D:11)
  11 wights
  A howler monkey (D:7)
  6 electric eels
  4 crimson imps
  A quasit (D:10)
  A jelly (D:11)
  3 giant frog skeletons
  A wasp zombie (D:9)
  A centaur zombie (D:8)
  4 orc priests
  A centaur skeleton (D:6)
  3 hounds
  4 orc wizards
  11 iguanas
  Terence (D:3)
  6 hell rats
  8 worker ants
  Natasha (thrice) (D:3 D:6)
  A polar bear simulacrum (IceCv)
  A wolf simulacrum (IceCv)
  12 sheep
  A hound zombie (D:7)
  A hound skeleton (D:4)
  4 worker ant zombies
  4 gnolls (D:7)
  14 adders
  7 river rats
  A shadow imp (D:5)
  17 white imps
  2 oozes
  3 adder zombies (D:4)
  An adder skeleton (D:6)
  3 worms
  3 dart slugs
  10 giant geckos
  49 orcs
  8 bats
  8 giant cockroaches
  11 goblins
  7 hobgoblins
  5 jackals
  8 quokkas
  5 ball pythons
  2 giant cockroach zombies
  A giant gecko skeleton (D:5)
  2 giant gecko zombies
  5 giant newts
  2 jackal skeletons (D:4)
  A jackal zombie (D:7)
  12 kobolds
  13 rats
  A plant (Lair:2)
464 creatures vanquished.

Vanquished Creatures (others)
  2 fungi
  4 plants
6 creatures vanquished.

Grand Total: 470 creatures vanquished

Notes
Turn   | Place    | Note
--------------------------------------------------------------
     0 | D:1      | epen the Gargoyle Gladiator began the quest for the Orb.
     0 | D:1      | Reached XP level 1. HP: 12/12 MP: 1/1
   111 | D:1      | Reached XP level 2. HP: 11/18 MP: 2/2
   542 | D:1      | Reached XP level 3. HP: 18/22 MP: 3/3
   849 | D:2      | Reached skill level 1 in Armour
   958 | D:2      | Reached XP level 4. HP: 27/27 MP: 4/4
  1171 | D:2      | Found a glowing golden altar of the Shining One.
  1488 | D:3      | Noticed Natasha
  1495 | D:3      | Killed Natasha
  1495 | D:3      | Reached XP level 5. HP: 24/32 MP: 5/5
  1601 | D:3      | Reached skill level 4 in Maces & Flails
  1615 | D:3      | Noticed Terence
  1646 | D:3      | Killed Terence
  1810 | D:3      | Found a glowing drain.
  1824 | Sewer    | Entered a sewer
  2330 | Sewer    | Reached XP level 6. HP: 23/37 MP: 6/6
  2678 | D:3      | Noticed Grinder
  2688 | D:3      | Killed Grinder
  2688 | D:3      | Reached skill level 5 in Maces & Flails
  2688 | D:3      | Reached XP level 7. HP: 18/42 MP: 7/7
  2947 | D:3      | Noticed Natasha
  2952 | D:3      | Killed Natasha
  3736 | D:4      | Reached skill level 5 in Dodging
  3789 | D:4      | Reached XP level 8. HP: 48/48 MP: 8/8
  3963 | D:5      | Entered Level 5 of the Dungeon
  4228 | D:5      | Found a staircase to the Ecumenical Temple.
  4241 | Temple   | Entered the Ecumenical Temple
  4263 | Temple   | Became a worshipper of Warmaster Okawaru
  4290 | D:5      | Found Geuphous's General Store.
  4298 | D:5      | Bought a scroll of remove curse for 39 gold pieces
  4609 | D:5      | Noticed Eustachio
  4642 | D:5      | Killed Eustachio
  4642 | D:5      | Reached skill level 6 in Maces & Flails
  5458 | D:6      | Noticed Natasha
  5464 | D:6      | Killed Natasha
  5464 | D:6      | Reached skill level 5 in Fighting
  5488 | D:6      | Found a sacrificial altar of Ru.
  5718 | D:6      | Noticed Blork the orc
  5725 | D:6      | Reached * piety under Okawaru
  5738 | D:6      | Killed Blork the orc
  5836 | D:6      | Found a burning altar of Makhleb.
  5854 | D:6      | Reached XP level 9. HP: 52/54 MP: 9/9
  5898 | D:6      | Reached skill level 7 in Maces & Flails
  6268 | D:7      | Reached skill level 1 in Invocations
  6278 | D:7      | Found a shattered altar of Ashenzari.
  6280 | D:7      | Found an ancient bone altar of Kikubaaqudgha.
  6280 | D:7      | Found a white marble altar of Elyvilon.
  6281 | D:7      | Found a deep blue altar of Sif Muna.
  6281 | D:7      | Found an oddly glowing altar of Pakellas.
  6334 | D:7      | Found Areosaf's Antique Weapon Boutique.
  6392 | D:7      | Noticed Joseph
  6416 | D:7      | Killed Joseph
  6416 | D:7      | Reached skill level 5 in Armour
  6589 | D:7      | Reached ** piety under Okawaru
  6710 | D:7      | Noticed a hill giant
  7167 | D:8      | Reached skill level 8 in Maces & Flails
  7189 | D:8      | Reached XP level 10. HP: 43/60 MP: 11/13
  7345 | D:8      | Noticed Erica
  7487 | D:8      | Identified 2 scrolls of acquirement
  7488 | D:8      | Noticed Prince Ribbit
  7530 | D:7      | Got a crude cloak
  7536 | D:7      | Identified the +0 cloak of Optimism {*Confuse rElec MR+} (You acquired it on level 7 of the Dungeon)
  8170 | D:8      | Reached *** piety under Okawaru
  8325 | D:8      | Killed Prince Ribbit
  8325 | D:8      | Reached skill level 5 in Invocations
  8433 | D:9      | You fall through a shaft!
  8433 | D:10     | Entered Level 10 of the Dungeon
  8433 | D:10     | Noticed an unseen horror
  8459 | D:10     | Killed an unseen horror
  8464 | D:10     | Found Komeh's Assorted Antiques.
  8472 | D:10     | Bought a scroll labeled YGILONLI KACIZO for 33 gold pieces
  8525 | D:9      | Found a shadowy altar of Dithmenos.
  8883 | D:9      | Noticed Erolcha
  9043 | D:9      | Found a blossoming altar of Fedhas.
  9132 | D:10     | Reached skill level 9 in Maces & Flails
  9472 | D:10     | Reached **** piety under Okawaru
  9507 | D:10     | Reached XP level 11. HP: 56/67 MP: 15/15
  9811 | D:10     | Received a gift from Okawaru
 10207 | D:11     | Noticed Nergalle
 10236 | D:11     | Killed Nergalle
 10479 | D:11     | Received a gift from Okawaru
 10581 | D:11     | Found a staircase to the Orcish Mines.
 10700 | D:11     | Noticed a hill giant
 10711 | D:11     | Killed a hill giant
 10711 | D:11     | Reached ***** piety under Okawaru
 10742 | D:11     | Found a staircase to the Lair.
 10820 | D:11     | Found Mudurraa's Distillery.
 10858 | D:11     | Reached skill level 10 in Maces & Flails
 10987 | Lair:1   | Entered Level 1 of the Lair of Beasts
 11159 | Lair:1   | Got a crude falchion
 11160 | Lair:1   | Identified the cursed +3 falchion of Excruciating Pain {flame, rPois rF++ Int+4} (You found it on level 1 of the Lair of Beasts)
 11207 | Lair:1   | Reached skill level 1 in Shields
 11363 | Lair:1   | Reached XP level 12. HP: 63/73 MP: 18/18
 11838 | Lair:1   | Received a gift from Okawaru
 12669 | Lair:2   | Found a frozen archway.
 12730 | Lair:2   | Noticed a five-headed hydra
 12748 | Lair:2   | Killed a five-headed hydra
 12748 | Lair:2   | Reached skill level 11 in Maces & Flails
 12759 | IceCv    | Entered an ice cave
 13671 | Lair:3   | Found a shimmering altar of Xom.
 13999 | Lair:3   | Found a staircase to the Snake Pit.
 14194 | Lair:3   | Reached XP level 13. HP: 68/79 MP: 20/20
 14395 | Lair:3   | Reached skill level 10 in Invocations
 15043 | Lair:4   | Reached skill level 5 in Shields
 15064 | Lair:4   | Received a gift from Okawaru
 15067 | Lair:4   | Got a pair of bloodstained gloves {god gift}
 15078 | Lair:4   | Identified the +0 pair of gloves of the Journeyman {SInv} (Okawaru gifted it to you on level 4 of the Lair of Beasts)
 15843 | Lair:4   | Drowned

Skill      XL: |  1  2  3  4  5  6  7  8  9 10 11 12 13 |
---------------+----------------------------------------+-----
Dodging        | 3 4 5 6 7 8 9 |  9.7
Armour         | 1 2 3 4 5 6 7 8 9 |  9.1
Maces & Flails | 4 5 6 8 9 10 11 | 11.6
Fighting       | 3 4 5 6 7 8 |  8.6
Invocations    | 4 6 8 9 10 | 10.2
Shields        | 1 4 5 |  5.3
Throwing       | |  1.7

Action                   |  1- 3 |  4- 6 |  7- 9 | 10-12 | 13-15 || total
-------------------------+-------+-------+-------+-------+-------++-------
Melee: Flail             |   126 |   258 |   566 |   223 |       ||  1173
       Morningstar       |       |       |       |   896 |   117 ||  1013
       Falchion          |       |       |       |    18 |       ||    18
Throw: Throwing net      |       |       |     4 |       |       ||     4
Invok: Heroism           |       |       |     3 |    14 |     1 ||    18
       Finesse           |       |       |       |     2 |       ||     2
Evoke: Wand              |       |       |     2 |     1 |       ||     3
  Use: Potion            |       |     2 |       |     8 |     1 ||    11
       Scroll            |       |       |       |    30 |     2 ||    32
 Stab: Invisible         |       |     2 |       |       |       ||     2
       Held in net/web   |       |       |     4 |       |       ||     4
  Eat: Chunk             |       |     6 |    16 |    19 |     3 ||    44
       Royal jelly       |       |       |       |     1 |       ||     1
       Meat ration       |       |       |       |     1 |       ||     1
       Fruit             |       |       |       |     1 |       ||     1
       Pizza             |       |       |       |       |     1 ||     1
Armor: Leather armour    |    53 |    70 |       |       |       ||   123
       Ring mail         |       |    66 |   233 |     1 |       ||   300
       Chain mail        |       |       |       |   589 |    57 ||   646
       Scale mail        |       |       |       |    34 |       ||    34
       Plate armour      |       |       |       |    38 |       ||    38
Dodge: Dodged            |    96 |   175 |   335 |   588 |    41 ||  1235
Block: Buckler           |       |    30 |    83 |   174 |       ||   287
       Shield            |       |       |       |    13 |    78 ||    91
